 Dungeon Crawl Stone Soup version 0.17.0-22-g5edae84 (webtiles) character file.

263 Ordine the Magician (level 5, 0/28 HPs)
             Began as a Deep Elf Wizard on Nov 12, 2015.
             Slain by Grinder (11 damage)
             ... on level 3 of the Dungeon.
             The game lasted 00:13:14 (4696 turns).

Ordine the Magician (Deep Elf Wizard)               Turns: 4696, Time: 00:13:14

Health: 0/28       AC:  3    Str:  4    XL:     5   Next: 98%
Magic:  10/15      EV: 13    Int: 24    God:
Gold:   129        SH:  0    Dex: 13    Spells: 5 memorised, 5 levels left

rFire  . . .     SeeInvis .     j - +0 short sword
rCold  . . .     Clarity  .     a - +0 robe
rNeg   . . .     SustAt   +     (no shield)
rPois  .         Gourm    .     b - +0 hat
rElec  .         Spirit   .     k - +0 cloak
rCorr  .         Warding  .     (no gloves)
rMut   .         Stasis   .     (no boots)
MR     .....                    (no amulet)
Stlth  ++........               p - ring of flight
                                i - ring of sustain attributes

@: repel missiles, not resistant to hostile enchantments, unstealthy
A: no striking features
a: Evoke Flight


You were on level 3 of the Dungeon.
You were not hungry.

You visited 1 branch of the dungeon, and saw 3 of its levels.

You collected 129 gold pieces.

Inventory:

Hand Weapons
 j - a +0 short sword (weapon)
Armour
 a - a +0 robe (worn)
 b - a +0 hat (worn)
 k - a +0 cloak (worn)
Jewellery
 i - a ring of sustain attributes (left hand)
 p - a ring of flight (right hand)
Wands
 e - a wand of fireball (3)
Potions
 l - a potion of might {unknown}
 m - a potion of mutation {unknown}
 n - 2 potions of poison
 o - a potion of lignification {unknown}
Books
 c - a book of Minor Magic

   Spells                             Type                      Level
   a - Magic Dart                     Conjuration                  1
   b - Blink                          Translocation                2
   c - Call Imp                       Summoning                    2
   d - Repel Missiles                 Charms/Air                   2
   e - Slow                           Hexes                        2
   f - Conjure Flame                  Conjuration/Fire             3
   g - Mephitic Cloud                 Conjuration/Poison/Air       3
Comestibles
 d - 4 bread rations
 f - 2 meat rations
 g - a beef jerky


   Skills:
 + Level 2.8 Dodging
 - Level 2.4 Stealth
 * Level 6.2 Spellcasting
 + Level 4.3 Conjurations
 + Level 1.5 Charms
   Level 1.1 Summonings
 + Level 1.7 Translocations
 + Level 1.0 Fire Magic
 + Level 1.2 Air Magic


You had 5 spell levels left.
You knew the following spells:

 Your Spells              Type           Power        Failure   Level  Hunger
a - Magic Dart            Conj           ####         1%          1    None
b - Blink                 Tloc           N/A          8%          2    None
c - Conjure Flame         Conj/Fire      ###.....     10%         3    None
d - Mephitic Cloud        Conj/Pois/Air  ###.....     14%         3    None
e - Repel Missiles        Chrm/Air       ##....       10%         2    None


Dungeon Overview and Level Annotations

Branches:
Dungeon (3/15)

Altars:
Fedhas
Ru

Annotations:
D:3 Grinder


Message History

Aim: Grinder (heavily wounded)
The magic dart hits Grinder.
Grinder is heavily wounded.
Grinder gestures at you. Pain shoots through your body!
* * * LOW HITPOINT WARNING * * *
Drink which item? (? for menu, Esc to quit)
You feel better.
Grinder gestures.
Grinder blinks!
Drink which item? (? for menu, Esc to quit)
It was a potion of poison.
That liquid tasted very nasty...
You are poisoned.
You feel sick. Grinder gestures at you. Pain shoots through your body!
* * * LOW HITPOINT WARNING * * *
Drink which item? (? for menu, Esc to quit)
You feel better. Grinder hits you!
You die...

#....# #....#
.....##. .....##.#
.....##.# #.#####.#
#.#####.#####
............#######
#..............5@.#
#.............###.#
#.#####.###.### .#
#.# #.# #.# .# ..#
#.# #.# .# ### #.#
#.# .# #.# #.# .#
#.# #.# .#
#######.# #..


You could see Grinder.

Vanquished Creatures
  A scorpion (D:1)
  The ghost of alpinistek the Chiller, a weakling NaIE (D:3)
  Ijyb (D:1)
  Terence (D:2)
  Natasha (thrice) (D:3)
  A gnoll (D:1)
  An adder (D:1)
  A giant gecko (D:1)
  6 orcs (D:3)
  12 bats
  2 giant cockroaches (D:1)
  6 hobgoblins
  2 jackals (D:2)
  A quokka (D:3)
  5 giant newts
  6 goblins
  8 kobolds
  9 rats
67 creatures vanquished.

Notes
Turn   | Place    | Note
--------------------------------------------------------------
     0 | D:1      | Ordine the Deep Elf Wizard began the quest for the Orb.
     0 | D:1      | Reached XP level 1. HP: 10/10 MP: 7/7
   584 | D:1      | Reached XP level 2. HP: 15/15 MP: 5/9
   621 | D:1      | Learned a level 2 spell: Blink
  1123 | D:1      | Reached XP level 3. HP: 17/19 MP: 1/11
  1259 | D:1      | Learned a level 3 spell: Conjure Flame
  1263 | D:1      | Learned a level 3 spell: Mephitic Cloud
  1266 | D:1      | Learned a level 2 spell: Repel Missiles
  1623 | D:2      | Noticed Terence
  1799 | D:1      | Noticed a scorpion
  1803 | D:1      | Killed a scorpion
  1803 | D:1      | Reached skill level 5 in Spellcasting
  1803 | D:1      | Reached XP level 4. HP: 13/24 MP: 4/13
  2287 | D:2      | Found a faded altar to an unknown god.
  2901 | D:2      | Noticed Ijyb
  2970 | D:1      | Killed Ijyb
  3106 | D:2      | Killed Terence
  3106 | D:2      | Reached skill level 1 in Charms
  3106 | D:2      | Reached XP level 5. HP: 28/28 MP: 4/15
  3650 | D:3      | Found a sacrificial altar of Ru.
  3839 | D:3      | Noticed Natasha
  3854 | D:3      | Killed Natasha
  3854 | D:3      | Reached skill level 1 in Fire Magic
  3945 | D:3      | Noticed Natasha
  3948 | D:3      | Killed Natasha
  3948 | D:3      | Reached skill level 1 in Air Magic
  3995 | D:3      | Found a blossoming altar of Fedhas.
  4091 | D:3      | Reached skill level 6 in Spellcasting
  4205 | D:3      | Noticed alpinistek's ghost (weakling NaIE)
  4366 | D:3      | Noticed Natasha
  4367 | D:3      | Killed Natasha
  4419 | D:3      | Killed alpinistek's ghost
  4686 | D:3      | Noticed Grinder
  4688 | D:3      | Paralysed by Grinder for 2 turns
  4696 | D:3      | Slain by Grinder

Action                   |  1- 3 |  4- 6 || total
-------------------------+-------+-------++-------
Melee: Short sword       |       |     4 ||     4
 Cast: Magic Dart        |    58 |   131 ||   189
       Conjure Flame     |     1 |     2 ||     3
       Repel Missiles    |     1 |       ||     1
       Mephitic Cloud    |       |     4 ||     4
       Blink             |       |     5 ||     5
  Use: Scroll            |     2 |     6 ||     8
       Potion            |     1 |     3 ||     4
  Eat: Chunk             |     2 |     9 ||    11
